 Dungeon Crawl Stone Soup version 0.21.0-25-ge575cb9 (webtiles) character file.

646 JeffiDaFish the Chopper (level 7, -1/60 HPs)
             Began as a Minotaur Fighter on Jan 23, 2018.
             Slain by Prince Ribbit (8 damage)
             ... on level 5 of the Dungeon.
             The game lasted 00:10:02 (3620 turns).

JeffiDaFish the Chopper (Minotaur Fighter)          Turns: 3620, Time: 00:10:03

Health: -1/60      AC: 12    Str: 20    XL:     7   Next: 27%
Magic:  6/6        EV:  6    Int:  5    God:
Gold:   301        SH: 10    Dex: 12    Spells: 6/6 levels left

rFire    + . .     SeeInvis .   a - +2 war axe
rCold    x . .     Gourm    .   c - +0 shield
rNeg     . . .     Faith    .   e - +0 chain mail
rPois    .         Spirit   .   (helmet restricted)
rElec    .         Reflect  .   j - +0 cloak
rCorr    .         Harm     .   b - +0 pair of gloves
MR       .....                  (no boots)
Stlth    ..........             (no amulet)
HPRegen  0.20/turn              h - ring of fire
MPRegen  0.10/turn              l - ring of stealth

@: no status effects
A: retaliatory headbutt, horns 2
a: no special abilities


You were on level 5 of the Dungeon.
You were hungry.

You visited 1 branch of the dungeon, and saw 5 of its levels.

You collected 301 gold pieces.

Inventory:

Hand Weapons
 a - a +2 war axe (weapon)
Armour
 b - a +0 pair of gloves (worn)
 c - a +0 shield (worn)
 e - a +0 chain mail (worn)
 j - a +0 cloak (worn)
Jewellery
 h - a ring of fire (left hand)
 l - a ring of stealth (right hand)
Wands
 n - a wand of enslavement (15)
Scrolls
 g - a scroll of teleportation
 i - a scroll of remove curse
Potions
 d - a potion of might
 k - 3 potions of cancellation
 o - a potion of berserk rage
Comestibles
 f - 11 rations


   Skills:
 + Level 4.9 Fighting
 + Level 6.3 Axes
 + Level 6.0 Armour
 + Level 1.0 Dodging
 + Level 0.1 Stealth
 + Level 5.6 Shields


You had 6 spell levels left.
You didn't know any spells.

Dungeon Overview and Level Annotations

Branches:
Dungeon (5/15)
 Temple: D:4-7

Altars:
Makhleb
Qazlal
Uskayaw

Annotations:
D:5 Prince Ribbit


Innate Abilities, Weirdness & Mutations

You reflexively headbutt those who attack you in melee.
You have a pair of horns on your head.


Message History

Prince Ribbit is heavily wounded.
Prince Ribbit blinks!
Prince Ribbit blinks!
You closely miss Prince Ribbit. Your headbutt misses Prince Ribbit.
Prince Ribbit is heavily wounded.
You block Prince Ribbit's attack.
You closely miss Prince Ribbit.
Prince Ribbit is heavily wounded.
Prince Ribbit blinks!
Prince Ribbit hits you but does no damage.
You closely miss Prince Ribbit.
Prince Ribbit is heavily wounded.
Prince Ribbit hits you but does no damage. x2
Your shield and chain mail prevent you from hitting Prince Ribbit.
Your headbutt misses Prince Ribbit.
Prince Ribbit is heavily wounded.
Prince Ribbit hits you!
* * * LOW HITPOINT WARNING * * *
Prince Ribbit hits you!
You die...

#.......#......#........
#.......#......#........
#.......#......#........
#.......#......#........
##.###'###....##........
###.....#....#######...
#.....#....#.....#...
#...F.'....#.....#...
#...@.#....#.....#...
#.....#....#.....#...
#.....#....#.....'...
#.....#....#.....#...
######
#.....#######....#...
.....#
###.........##'###[..
.....#
#.........#....#...
.....#
#.........#....#...
.....#
#.........'....#...


You could see Prince Ribbit.

Vanquished Creatures
  A sky beast (D:5)
  An ogre (D:4)
  A howler monkey (D:4)
  A bullfrog zombie (D:5)
  Crazy Yiuf (D:2)
  2 hounds (D:4)
  3 orc wizards (D:3)
  2 worker ants (D:5)
  7 adders
  A shadow imp (D:5)
  2 oozes
  3 worms (D:2)
  4 dart slugs
  4 leopard geckos
  3 orcs
  7 bats
  4 giant cockroaches
  9 hobgoblins
  2 quokkas
  2 ball pythons
  A frilled lizard (D:1)
  13 goblins
  6 kobolds
  10 rats
90 creatures vanquished.

Notes
Turn   | Place    | Note
-------+----------+-------------------------------------------
     0 | D:1      | JeffiDaFish the Minotaur Fighter began the quest for the Orb.
     0 | D:1      | Reached XP level 1. HP: 19/19 MP: 0/0
    50 | D:1      | Reached XP level 2. HP: 23/27 MP: 1/1
   368 | D:1      | Reached XP level 3. HP: 33/33 MP: 2/2
   976 | D:2      | Found a runed door.
   980 | D:2      | Noticed Crazy Yiuf
   984 | D:2      | Killed Crazy Yiuf
   984 | D:2      | Reached XP level 4. HP: 28/40 MP: 3/3
  1231 | D:2      | Reached XP level 5. HP: 44/46 MP: 4/4
  1622 | D:3      | Reached skill level 5 in Axes
  1874 | D:3      | Found a stormy altar of Qazlal.
  2116 | D:4      | Reached skill level 5 in Armour
  2116 | D:4      | Reached XP level 6. HP: 47/52 MP: 5/5
  2146 | D:4      | Reached skill level 1 in Dodging
  2146 | D:4      | Reached skill level 5 in Shields
  2666 | D:4      | Found a burning altar of Makhleb.
  2872 | D:5      | Entered Level 5 of the Dungeon
  2984 | D:5      | Reached XP level 7. HP: 29/60 MP: 6/6
  3251 | D:5      | Noticed Prince Ribbit
  3415 | D:5      | Found a hide-covered altar of Uskayaw.
  3620 | D:5      | Slain by Prince Ribbit

Skill      XL: |  1  2  3  4  5  6  7 |
---------------+----------------------+-----
Shields        | 4 5 |  5.6
Armour         | 4 5 6 |  6.0
Axes           | 3 4 5 6 |  6.3
Fighting       | 4 |  4.9
Dodging        | 1 |  1.0
Stealth        | |  0.1

Action                   |  1- 3 |  4- 6 |  7- 9 || total
-------------------------+-------+-------+-------++-------
Melee: War axe           |    81 |   108 |    38 ||   227
       Headbutt          |    12 |    15 |     8 ||    35
  Use: Scroll            |     5 |     4 |     2 ||    11
       Potion            |     4 |       |       ||     4
  Eat: Chunk             |       |     7 |     1 ||     8
Armor: Scale mail        |    36 |    38 |       ||    74
       Chain mail        |       |    14 |    24 ||    38
Dodge: Dodged            |    21 |    24 |     6 ||    51
Block: Shield            |    31 |    50 |    17 ||    98
